 Dungeon Crawl Stone Soup version 0.30-a0-122-g2a1322497e (webtiles) character file.

Game seed: 16807136602010514265

2 SigmundSlayer the Digger (level 1, 13/13 HPs)
             Began as a Demonspawn Earth Elementalist on Sept 16, 2022.
             Got out of the dungeon alive.
             The game lasted 00:00:17 (138 turns).

SigmundSlayer the Digger (DsEE)                      Turns: 138, Time: 00:00:18

Health: 13/13      AC:  2    Str:  8    XL:     1   Next: 25%
Magic:  3/3        EV: 12    Int: 16    God:
Gold:   0          SH:  0    Dex: 13    Spells: 3/4 levels left

rFire   . . .      SeeInvis .    (no weapon)
rCold   . . .      Faith    .    (no shield)
rNeg    . . .      Spirit   .    a - +0 robe
rPois   .          Reflect  .    (no helmet)
rElec   .          Harm     .    (no cloak)
rCorr   .          Rampage  .    (no gloves)
Will    .....                    (no boots)
Stlth   ++........               (no amulet)
HPRegen 0.04/turn                (no ring)
MPRegen 0.08/turn                (no ring)

@: no status effects
A: no striking features
a: no special abilities


You escaped.
You visited 1 branch of the dungeon, and saw 1 of its levels.

Inventory:

Armour
 a - a +0 robe (worn)
Magical Staves
 d - a staff of death
Scrolls
 c - a scroll of amnesia {unknown}
Potions
 b - a potion of magic


   Skills:
 - Level 1.7 Dodging
 - Level 1.7 Stealth
 - Level 2.0 Spellcasting
 - Level 0.8 Transmutations
 + Level 2.8 Earth Magic


You had 3 spell levels left.
You knew the following spells:

 Your Spells              Type           Power      Damage    Failure   Level
a - Sandblast             Erth           20%        2d7       6%          1

Your spell library contained the following spells:

 Spells                   Type           Power      Damage    Failure   Level
 Beastly Appendage        Tmut           8%         N/A       14%         1
 Passwall                 Tmut/Erth      5%         N/A       14%         2
 Wereblood                Tmut           4%         N/A       22%         2
 Stone Arrow              Conj/Erth      12%        3d7       34%         3
 Spider Form              Tmut/Pois      2%         N/A       45%         3
 Petrify                  Tmut/Erth      7%         N/A       67%         4


Dungeon Overview and Level Annotations

Branches:
Dungeon (1/15)

Altars:


Message History

Welcome, SigmundSlayer the Demonspawn Earth Elementalist.
It is said that the Orb of Zot exists deep within this dungeon.
Press ? for a list of commands and other information.
Found a deep dwarf skeleton.
Found a staircase leading out of the dungeon.
Found a deep dwarf skeleton.
A frilled lizard comes into view.
A frilled lizard is nearby!
You see here a deep dwarf skeleton.
The blast of sand hits the frilled lizard!
You kill the frilled lizard!
Magic restored.
c - a scroll labelled HAICKEM WOVEU An endoplasm comes into view.
The endoplasm quivers.
The blast of sand hits the endoplasm.
You kill the endoplasm!
You can't see any susceptible monsters within range! (Use Z to cast anyway.)
Found a stone staircase leading down.
No target in view!
You see here a staff of death.
You pick up a book of Changes and begin reading...
You add the spells Beastly Appendage, Wereblood and Spider Form to your library.
Search for what [? for help]? death You see here a staff of death.
d - a staff of death
(D) Dungeon
Where to? (Enter - D:1 @ (x,y), ? - help)
Okay, then.
(D) Dungeon
Where to? (Enter - D:1 @ (x,y), ? - help)
What level of the Dungeon? (default 1, ? - help)
There is a staircase leading out of the dungeon here.
Are you sure you want to leave the Dungeon?
This will make you lose the game!
You have escaped!

### ##>########
#.........#
##.######.# ###.#
#.# #####...# #.#
#.÷@##### #.#
##.....# #.#####
#......##
####......
#.......#
##....####.
#...##...###.....#
#. .....
##......##..# #.
.....#
##...÷.##..# #.
##... #........†#
#. #...
######....# #.


There were no monsters in sight!

Vanquished Creatures
  An endoplasm (D:1)
  A frilled lizard (D:1)
2 creatures vanquished.

Notes
Turn   | Place    | Note
-------+----------+-------------------------------------------
     0 | D:1      | SigmundSlayer the Demonspawn Earth Elementalist began the
                  | quest for the Orb.
     0 | D:1      | Reached XP level 1. HP: 13/13 MP: 3/3
   138 | D:$      | Got out of the dungeon alive.

Illustrated notes

Levels and vault maps discovered:
D:1:      amcnicky_arrival_wind_blow, layout_loops_ring, serial_shops,
          nicolae_shop_temple_entry_statues_fountains,
          chequers_serial_rivers_small_b, minmay_misc_feat_cross

Action                   || total
-------------------------++-------
 Cast: Sandblast         ||     2

Table legend: (Time is in decaauts)
 A = Elapsed time spent in this place.
 B = Non-inter-level travel time spent in this place.
 C = Inter-level travel time spent in this place.
 D = Time resting spent in this place.
 E = Time spent auto-exploring this place.
 F = Levels seen in this place.
 G = Mean time per level.
                   A        B        C        D        E       F      G
               +--------+--------+--------+--------+--------+-----+--------+
         Total |    139 |    104 |     35 |      0 |     86 |   1 |  139.0 |
       Dungeon |    139 |    104 |     35 |      0 |     86 |   1 |  139.0 |
               +--------+--------+--------+--------+--------+-----+--------+

Top non-repeatable levels by time:
     D:1: 139 daAuts
